 Dungeon Crawl Stone Soup version 0.19.1 (webtiles) character file.

1071 empire the Ducker (level 8, -6/36 HPs)
             Began as a Felid Venom Mage on Dec 16, 2016.
             Was a Priest of Sif Muna.
             Mangled by a wolf (10 damage)
             ... led by Grum
             ... on level 9 of the Dungeon.
             The game lasted 00:46:15 (12047 turns).

empire the Ducker (Felid Venom Mage)               Turns: 12047, Time: 00:46:16

Health: -6/36      AC:  2    Str:  4    XL:     8   Next: 7%
Magic:  8/15       EV: 33    Int: 24    God:    Sif Muna [***...]
Gold:   315        SH:  0    Dex: 27    Spells: 4 memorised, 3 levels left
                                        Lives:  0   Deaths: 2

rFire  . . .     SeeInvis +     (weapon unavailable)
rCold  . . .     Gourm    .     (armour unavailable)
rNeg   . . .     Faith    .     (shield unavailable)
rPois  .         Spirit   .     (helmet unavailable)
rElec  .         Reflect  .     (cloak unavailable)
rCorr  .         Harm     .     (gloves unavailable)
MR     +....                    (boots unavailable)
Stlth  ++++......               u - amulet of magic regeneration
                                g - +5 ring of dexterity
                                q - ring of wizardry

@: brilliant, agile, very slightly contaminated, hasted, very quick
A: no armour, no weapons or thrown items, stealth, claws 1, fangs 3, repulsion
field 1, see invisible, carnivore 3, speed 1, shaggy fur 2, slow metabolism 1,
sharp paws
a: Divine Energy, Channel Magic, Renounce Religion


You were on level 9 of the Dungeon.
You worshipped Sif Muna.
Sif Muna was most pleased with you.
You were not hungry.

You visited 2 branches of the dungeon, and saw 10 of its levels.

You collected 455 gold pieces.
You spent 140 gold pieces at shops.

Inventory:

Missiles
 w - 14 poisoned needles
 y - 3 curare-tipped needles
 z - 8 needles of frenzy
 E - 33 bolts
 F - 172 arrows
Jewellery
 c - an uncursed ring of protection from cold
 g - a +5 ring of dexterity (right paw)
 h - an uncursed ring of protection from fire
 q - a ring of wizardry (left paw)
 u - an amulet of magic regeneration (around neck)
 A - an uncursed amulet of harm
Wands
 D - a wand of random effects (0/48)
 J - a wand of random effects (17/48)
Scrolls
 f - a scroll of immolation
 i - 7 scrolls of remove curse
 k - a scroll of magic mapping
 v - a scroll of amnesia
Potions
 d - a potion of mutation {unknown}
 e - 2 potions of flight
 j - a potion of haste
 m - 2 potions of brilliance
 r - a potion of lignification
 B - a potion of cure mutation {unknown}
 C - a potion of invisibility {unknown}
Books
 a - a Young Poisoner's Handbook

   Spells                             Type                      Level
   a - Sting                          Conjuration/Poison           1
   b - Mephitic Cloud                 Conjuration/Poison/Air       3
   c - Olgreb's Toxic Radiance        Poison                       4
   d - Alistair's Intoxication        Transmutation/Poison         5
   e - Venom Bolt                     Conjuration/Poison           5
 l - a book of Geomancy

   Spells                             Type                      Level
   a - Sandblast                      Earth                        1
   b - Passwall                       Transmutation/Earth          2
   c - Stone Arrow                    Conjuration/Earth            3
   d - Petrify                        Transmutation/Earth          4
   e - Lee's Rapid Deconstruction     Earth                        5
 p - a book of Cantrips

   Spells                             Type                      Level
   a - Confusing Touch                Hexes                        1
   b - Animate Skeleton               Necromancy                   1
   c - Summon Small Mammal            Summoning                    1
   d - Apportation                    Translocation                1
Comestibles
 b - 2 meat rations
 n - 2 royal jellies
 s - 2 slices of pizza
 x - a beef jerky


   Skills:
 - Level 4.8 Fighting
 - Level 7.3 Dodging
 - Level 2.6 Stealth
 - Level 4.6 Spellcasting
 + Level 5.3 Conjurations
 + Level 5.4 Air Magic
 + Level 5.9 Poison Magic
 - Level 5.1 Evocations


You had 3 spell levels left.
You knew the following spells:

 Your Spells              Type           Power        Failure   Level  Hunger
a - Sting                 Conj/Pois      ####         1%          1    None
b - Mephitic Cloud        Conj/Pois/Air  #####...     1%          3    ##.....
c - Venom Bolt            Conj/Pois      #####.....   3%          5    #####..
d - Olgreb's Toxic Radia  Pois           #####...     1%          4    ####...


Dungeon Overview and Level Annotations

Branches:
Dungeon (9/15)             Temple (1/1) D:4
   Lair: D:8-11         Orc: D:9-12

Altars:
Ashenzari
Cheibriados
Dithmenos
Elyvilon
Fedhas
Gozag
Hepliaklqana
Kikubaaqudgha
Makhleb
Nemelex Xobeh
Okawaru
Qazlal
Ru
Sif Muna
Trog
Uskayaw
Vehumet
Xom
Yredelemnul
Zin
The Shining One

Shops:
D:7 !

Annotations:
D:8 Azzok's ghost, novice SpEn; Grum


Innate Abilities, Weirdness & Mutations

You cannot wear armour.
You are incapable of wielding weapons or throwing items.
Your paws allow you to move quietly. (Stealth)
You have sharp claws.
You have razor-sharp teeth.
You have supernaturally acute eyesight. (SInv)
You are carnivorous and can eat meat at any time.
You cover ground quickly.
You are covered in thick fur. (AC +2)
You have a slow metabolism.
Your sharp claws are effective at attacking unaware monsters.
You are surrounded by a mild repulsion field. (EV +2)


Message History

You begin to radiate toxic energy.
The wolf is poisoned. x2
The wolf looks even sicker.
The wolf closely misses you.
The wolf looks even sicker.
The wolf closely misses you.
Casting: Olgreb's Toxic Radiance
Confirm with . or Enter, or press ? or * to list all spells.
Aiming: Sting
Press: ? - help, Shift-Dir - straight line, f/p - wolf
Aim: a wolf (severely wounded, poisoned)
The sting misses the wolf.
Your toxic aura wanes.
The wolf completely misses you. The wolf bites you!
* * * LOW HITPOINT WARNING * * *
The wolf completely misses you.
Casting: Sting
Confirm with . or Enter, or press ? or * to list all spells.
Aiming: Sting
Press: ? - help, Shift-Dir - straight line, f/p - wolf
Aim: a wolf (severely wounded, poisoned)
The sting misses the wolf. x2; The wolf bites you!
You die...

##.. ......#
...
#...##.#..#
#.. #.#..# .
#.#..#
#.####. #
#######.([...
#
#...........#
#
#.....[.....+
#
#...@.......#
#
#.hh######+##
# #...# ...
#...# #..
#...# #..
##### #.. #..
..


You could see 2 wolves.

Vanquished Creatures
  A troll (D:9)
  A hungry ghost (D:7)
  2 sky beasts
  An ice beast (D:5)
  7 ogres
  A boggart (D:9)
  6 centaurs
  2 bullfrogs (D:7)
  2 scorpions
  10 killer bees
  5 hounds
  A jelly (D:5)
  4 orc priests
  7 orc wizards
  3 iguanas
  8 worker ants
  2 hound skeletons (D:4)
  Robin (D:4)
  4 gnolls (D:8)
  10 adders
  A shadow imp (D:5)
  3 adder skeletons
  2 worms (D:4)
  5 dart slugs
  6 leopard geckos
  26 orcs
  3 ball pythons
  9 bats
  4 giant cockroaches
  17 goblins
  9 hobgoblins
  9 jackals
  3 quokkas
  9 frilled lizards
  A jackal skeleton (D:8)
  11 kobolds
  A leopard gecko skeleton (D:4)
  9 rats
  2 toadstools (D:1)
208 creatures vanquished.

Vanquished Creatures (collateral kills)
  An ogre (D:7)
1 creature vanquished.

Vanquished Creatures (others)
  A quokka (D:3)
  2 toadstools (D:1)
3 creatures vanquished.

Grand Total: 212 creatures vanquished

Notes
Turn   | Place    | Note
-------+----------+-------------------------------------------
     0 | D:1      | empire the Felid Venom Mage began the quest for the Orb.
     0 | D:1      | Reached XP level 1. HP: 7/7 MP: 4/4
   332 | D:1      | Reached XP level 2. HP: 10/11 MP: 1/6
   699 | D:1      | Reached skill level 1 in Conjurations
  1125 | D:2      | Reached XP level 3. HP: 13/14 MP: 5/7
  1130 | D:2      | Learned a level 3 spell: Mephitic Cloud
  1551 | D:2      | Found a snail-covered altar of Cheibriados.
  1829 | D:2      | Reached skill level 1 in Air Magic
  2073 | D:2      | Found a deep blue altar of Sif Muna.
  2073 | D:2      | Found a burning altar of Makhleb.
  2083 | D:2      | Became a worshipper of Sif Muna the Loreminder
  2392 | D:3      | Reached XP level 4. HP: 18/18 MP: 4/8
  2970 | D:3      | Found a white marble altar of Elyvilon.
  3554 | D:3      | Reached XP level 5. HP: 21/21 MP: 6/10
  3690 | D:3      | Learned a level 5 spell: Venom Bolt
  3864 | D:3      | Reached * piety under Sif Muna
  4811 | D:4      | Noticed an ogre
  4822 | D:4      | Killed an ogre
  4822 | D:4      | Gained mutation: You are covered in thick fur. (AC +2) [Felid growth]
  4822 | D:4      | Reached XP level 6. HP: 22/24 MP: 1/12
  4878 | D:4      | Noticed Robin
  4898 | D:4      | Killed Robin
  5065 | D:4      | Found a staircase to the Ecumenical Temple.
  5072 | Temple   | Entered the Ecumenical Temple
  5329 | D:5      | Entered Level 5 of the Dungeon
  5504 | D:4      | Noticed a moth of wrath
  5513 | D:4      | Found a bloodstained altar of Trog.
  5816 | D:4      | Reached ** piety under Sif Muna
  5816 | D:4      | Reached XP level 7. HP: 17/27 MP: 10/13
  5940 | D:4      | Found a sacrificial altar of Ru.
  6242 | D:4      | Reached skill level 5 in Poison Magic
  6665 | D:5      | Learned a level 4 spell: Olgreb's Toxic Radiance
  6944 | D:5      | Found a shadowy altar of Dithmenos.
  7332 | D:5      | Reached XP level 8. HP: 31/31 MP: 6/15
  7373 | D:5      | Found a hazy altar of Hepliaklqana.
  7374 | D:5      | Found a shimmering altar of Xom.
  7375 | D:5      | Noticed a spectral ugly thing
  7748 | D:5      | Found a blossoming altar of Fedhas.
  8209 | D:5      | Reached skill level 3 in Dodging
  8314 | D:6      | Found a glowing golden altar of the Shining One.
  8319 | D:6      | Reached skill level 4 in Dodging
  8330 | D:6      | Reached skill level 5 in Dodging
  8424 | D:6      | Reached skill level 6 in Dodging
  8784 | D:6      | Found a sparkling altar of Nemelex Xobeh.
  8888 | D:6      | Reached skill level 7 in Dodging
  9520 | D:7      | Reached *** piety under Sif Muna
  9573 | D:7      | Reached skill level 5 in Conjurations
  9647 | D:7      | Reached skill level 5 in Air Magic
  9647 | D:7      | Reached XP level 9. HP: 32/34 MP: 8/16
  9684 | D:7      | Reached skill level 1 in Evocations
  9712 | D:7      | Gained mutation: You are surrounded by a mild repulsion field. (EV +2) [mutagenic meat]
  9713 | D:7      | Gained mutation: You possess an exceptional clarity of mind. [mutagenic meat]
  9719 | D:7      | Gained mutation: Your magical capacity is low. (-10% MP) [mutagenic meat]
  9720 | D:7      | Lost mutation: You possess an exceptional clarity of mind. [mutagenic meat]
  9721 | D:7      | Lost mutation: Your magical capacity is low. (-10% MP) [mutagenic meat]
 10024 | D:7      | Found Ifoa's Distillery.
 10088 | D:7      | Bought a potion of haste for 140 gold pieces
 10101 | D:7      | Found an ancient bone altar of Kikubaaqudgha.
 10664 | D:8      | Reached skill level 5 in Evocations
 10665 | D:8      | Reached skill level 1 in Fighting
 10805 | D:8      | Noticed Grum
 10964 | D:8      | Found a basalt altar of Yredelemnul.
 11461 | D:8      | Noticed Azzok's ghost (novice SpEn)
 11610 | D:9      | Noticed a troll
 11620 | D:9      | Slain by a troll
 11621 | D:9      | Reached XP level 8. HP: -4/35 MP: 13/15
 11626 | D:9      | Found a sparkling altar of Nemelex Xobeh.
 11773 | D:9      | Killed a troll
 11831 | D:9      | Reached XP level 9. HP: 12/40 MP: 1/16
 12011 | D:9      | Slain by a wyvern zombie
 12012 | D:9      | Reached XP level 8. HP: 0/36 MP: 15/15
 12047 | D:9      | Mangled by a wolf

Skill      XL: |  1  2  3  4  5  6  7  8  9 |
---------------+----------------------------+-----
Conjurations   | 1 2 3 4 5 |  5.3
Poison Magic   | 4 5 |  5.9
Air Magic      | 1 2 3 4 5 |  5.4
Spellcasting   | 3 4 |  4.6
Dodging        | 7 |  7.3
Evocations     | 5 |  5.1
Fighting       | 4 3 |  4.8
Stealth        | |  2.6

Action                   |  1- 3 |  4- 6 |  7- 9 || total
-------------------------+-------+-------+-------++-------
Melee: Unarmed           |    56 |    79 |   153 ||   288
       Bite              |     9 |     6 |    12 ||    27
 Cast: Sting             |    70 |   175 |   323 ||   568
       Mephitic Cloud    |       |    15 |    40 ||    55
       Olgreb's Toxic Ra |       |       |     4 ||     4
       Venom Bolt        |       |       |     1 ||     1
Evoke: Wand              |       |       |    24 ||    24
  Use: Potion            |       |     4 |     6 ||    10
       Scroll            |       |    14 |    12 ||    26
 Stab: Sleeping          |     1 |     2 |     5 ||     8
       Confused          |       |       |     3 ||     3
  Eat: Chunk             |    11 |     8 |    36 ||    55
       Beef jerky        |       |       |     1 ||     1
Armor: Skin              |     4 |    11 |    21 ||    36
Dodge: Dodged            |    99 |   131 |   334 ||   564
